 Dungeon Crawl Stone Soup version 0.31-a0-640-g39d97e502b (webtiles) character file.

Game seed: 2795525870842274837

765 qw the Shooter (level 7, -6/43 HPs)
             Began as a Gargoyle Hunter on Aug 27, 2023.
             Was an Initiate of Okawaru.
             Killed by divine providence
             ... invoked by an orc priest
              (16 damage)
             ... on level 5 of the Dungeon.
             The game lasted 00:01:32 (4465 turns).

qw the Shooter (Gargoyle Hunter)                    Turns: 4465, Time: 00:01:33

Health: -6/43      AC: 14    Str: 15    XL:     7   Next: 81%
Magic:  5/7        EV: 13    Int:  9    God:    Okawaru [......]
Gold:   56         SH:  0    Dex: 15    Spells: 6/6 levels left

rFire   + . .        c - +0 orcbow
rCold   . . .        (shield currently unavailable)
rNeg    + . .        d - +0 ring mail
rPois   inf          (no helmet)
rElec   +            (no cloak)
rCorr   .            n - +0 pair of gloves
SInv    .            f - +0 pair of boots
Will    .....        (no amulet)
Stlth   +++          b - ring of protection from fire
HPRegen 0.27/turn    (no ring)
MPRegen 0.10/turn

%: no passive effects
@: about to teleport, heroic
A: sickness immunity, AC +4, negative energy resistance 1, electricity
resistance, torment resistance 1, petrification resistance
a: Renounce Religion


You were on level 5 of the Dungeon.
You worshipped Okawaru.
Okawaru was noncommittal.
You visited 2 branches of the dungeon, and saw 6 of its levels.

You collected 222 gold pieces.
You spent 166 gold pieces at shops.


Innate Abilities, Weirdness & Mutations

You are immune to sickness and miasma.
Your stone body is resilient. (AC +4)
You are immune to poison.
You resist negative energy. (rN+)
You are resistant to electric shocks. (rElec)
You are resistant to unholy torment.
You are immune to petrification.


   Skills:
 - Level 4.0(9.0) Fighting
 + Level 7.6(12.6) Ranged Weapons
 - Level 4.6(9.6) Armour
 - Level 1.5(6.5) Dodging
 - Level 1.1(6.1) Stealth


You had 6 spell levels left.
You didn't know any spells.
Your spell library was empty.

Inventory:

Hand Weapons
 c - a +0 orcbow (weapon)
Armour
 d - a +0 ring mail (worn)
 f - a +0 pair of boots (worn)
 n - a +0 pair of gloves (worn)
Jewellery
 b - a ring of protection from fire (left hand)
Scrolls
 a - 4 scrolls of identify
 e - 2 scrolls of teleportation
Potions
 g - a potion of haste
 h - a potion of brilliance {unknown}
 i - a potion of curing {unknown}
 j - a potion of resistance {unknown}
 m - a potion of might {unknown}
 o - a potion of mutation {unknown}
 q - a potion of heal wounds {unknown}

Dungeon Overview and Level Annotations

Branches:
Dungeon (5/15)             Temple (1/1) D:4

Altars:
Ashenzari
Cheibriados
Dithmenos
Elyvilon
Fedhas
Gozag
Hepliaklqana
Kikubaaqudgha
Makhleb
Nemelex Xobeh
Okawaru
Qazlal
Ru
Sif Muna
Trog
Uskayaw
Vehumet
Xom
Zin
The Shining One

Shops:
D:3 *   D:4 ?:

Annotations:
D:3 1 runed translucent door, Crazy Yiuf


Message History

You now have 56 gold pieces (gained 8).
Found a ring mail.
j - a sedimented inky potion You see here a +0 ring mail.
You see here a +0 ring mail.
An orc wizard, an orc priest and an orc come into view.
The orc priest is wielding a +0 falchion of holy wrath.
Found a scroll labelled YWAOSE IZAIV.
The orc wizard shouts!
The orc priest shouts!
The orc shouts!
The orc wizard moves out of view.
An orc wizard comes into view. It is wielding a +0 dagger.
4456 ||| Stepping ~*~*~tactically~*~*~ (outnumbered).
The orc wizard moves out of view.
The orc wizard shouts!
4458 ||| Stepping ~*~*~tactically~*~*~ (outnumbered).
4459 ||| INVOKING Heroism.
You gain the combat prowess of a mighty hero.
You can no longer gain great but temporary skills.
You shoot an arrow.
The arrow completely misses the orc priest.
The orc priest invokes the aid of Beogh against you.
Beogh smites you!
You shoot an arrow.
The arrow hits the orc priest but does no damage.
You shoot an arrow. The arrow hits the orc priest!
The orc priest is severely wounded.
You shoot an arrow. The arrow barely misses the orc priest.
The orc priest invokes the aid of Beogh against you.
Beogh smites you! The orc hits you but does no damage.
You shoot an arrow. The arrow hits the orc priest.
The orc priest is severely wounded.
The orc hits you from afar with a +0 trident.
The orc priest invokes the aid of Beogh against you.
Pain shoots through your body!
4465 ||| READING 3 scrolls of teleportation.
As you read the scroll of teleportation, it crumbles to dust.
You feel strangely unstable.
The orc priest invokes the aid of Beogh against you.
Beogh smites you!
You die... .o# ##..##.### ..# ##.#####... o.# ##.## #... oo#

##.## ##.. ..###
#..# ##<. ...#
#..### #... #o.#
##...### #... #..#
####..###..# ##@o#
##..###. #..##
##.# ## ##..# ##.#
##..## ###..#
##..#########....#
##.###
#.........## ## #
##.## #..########
#. # ##.## #..#
##. # ##..# #.##
#..


You could see an orc priest, an orc wizard and an orc.

Vanquished Creatures
  Grinder (D:3)
  2 centaurs (D:5)
  A scorpion (D:5)
  A howler monkey (D:5)
  An orc priest (D:3)
  Terence (D:2)
  2 iguanas
  A sleepcap (D:4)
  An orc wizard (D:3)
  7 adders
  2 ufetubi
  2 worms
  4 dart slugs
  10 orcs
  2 endoplasms
  3 giant cockroaches (D:1)
  7 goblins
  4 hobgoblins
  2 jackals (D:2)
  13 kobolds
  2 quokkas (D:3)
  9 ball pythons
  8 bats
  3 frilled lizards (D:3)
  7 rats
96 creatures vanquished.

Notes
Turn   | Place    | Note
-------+----------+-------------------------------------------
     0 | D:1      | qw the Gargoyle Hunter began the quest for the Orb.
     0 | D:1      | Reached XP level 1. HP: 12/12 MP: 1/1
     0 | D:1      | 0 ||| qw: Version: 0.3-a-74-g0d5e918
     0 | D:1      | 0 ||| qw: Game counter: 55
     0 | D:1      | 0 ||| qw: Melee chars always use a shield: true
     0 | D:1      | 0 ||| qw: God list: Okawaru
     0 | D:1      | 0 ||| qw: Allow faded altars: false
     0 | D:1      | 0 ||| qw: Do Orc after clearing Dungeon:15 true
     0 | D:1      | 0 ||| qw: Do second Lair branch before Depths: true
     0 | D:1      | 0 ||| qw: Lair rune preference: random
     0 | D:1      | 0 ||| qw: Goals: Normal
     0 | D:1      | 0 ||| PLANNING D:1-11
    82 | D:1      | Reached XP level 2. HP: 17/17 MP: 2/2
   418 | D:1      | Reached XP level 3. HP: 21/21 MP: 3/3
   444 | D:1      | Reached skill level 5 in Ranged Weapons
   685 | D:1      | 685 ||| UPGRADING to +0 pair of boots.
   690 | D:1      | 690 ||| READING 3 scrolls labelled NAFIBR DAALYBIU.
   691 | D:1      | 691 ||| READING scroll labelled ARHAAWN UGUPS.
   692 | D:1      | 692 ||| READING scroll labelled VUSIVV WOMEF.
   693 | D:1      | 693 ||| DROPPING 2 scrolls of revelation.
   694 | D:1      | 694 ||| DROPPING scroll of butterflies.
   835 | D:2      | Noticed Terence
   844 | D:2      | Killed Terence
   845 | D:2      | Reached skill level 3 in Fighting
   845 | D:2      | Reached XP level 4. HP: 13/28 MP: 4/4
  1256 | D:2      | Found a faded altar of an unknown god.
  1331 | D:2      | 1331 ||| UPGRADING to +0 ring mail.
  1341 | D:2      | 1341 ||| DROPPING +0 leather armour.
  1342 | D:2      | 1342 ||| UPGRADING to +0 pair of gloves.
  1347 | D:2      | 1347 ||| READING 2 scrolls labelled LAKHLU ROD IXTU.
  1448 | D:2      | 1448 ||| READING 2 scrolls labelled ICRIOX NEANOC.
  1449 | D:2      | 1449 ||| READING scroll of brand weapon.
  1449 | D:2      | 1449 ||| BRANDING +0 shortbow of flaming.
  1450 | D:2      | 1450 ||| READING scroll labelled UBLARA BOFEERI.
  1451 | D:2      | 1451 ||| READING scroll labelled ILITSUY UNUETE.
  1452 | D:2      | 1452 ||| DROPPING scroll of silence.
  1485 | D:3      | Noticed Grinder
  1586 | D:3      | Killed Grinder
  1587 | D:3      | Reached XP level 5. HP: 17/32 MP: 5/5
  1587 | D:3      | Reached XP level 6. HP: 20/37 MP: 6/6
  1838 | D:3      | 1838 ||| FLEEEEING.
  1842 | D:3      | 1842 ||| FLEEEEING.
  1847 | D:3      | 1847 ||| FLEEEEING.
  1848 | D:3      | 1848 ||| FLEEEEING.
  1849 | D:3      | 1849 ||| FLEEEEING.
  1853 | D:3      | 1853 ||| FLEEEEING.
  1854 | D:3      | 1854 ||| FLEEEEING.
  1860 | D:3      | 1860 ||| FLEEEEING.
  1861 | D:3      | 1861 ||| FLEEEEING.
  1978 | D:3      | Found a runed translucent door.
  1979 | D:3      | Noticed Crazy Yiuf
  2367 | D:3      | Found Okhohisy's General Store.
  2370 | D:3      | 2370 ||| BUYING scroll of enchant weapon (105 gold).
  2370 | D:3      | Bought a scroll of enchant weapon for 105 gold pieces
  2370 | D:3      | 2370 ||| BUYING scroll of identify (28 gold).
  2370 | D:3      | Bought a scroll of identify for 28 gold pieces
  2370 | D:3      | 2370 ||| READING scroll of enchant weapon.
  2370 | D:3      | 2370 ||| ENCHANTING +0 heavy shortbow.
  2467 | D:3      | 2467 ||| READING 2 scrolls labelled PONIMA DEEFI.
  2468 | D:3      | 2468 ||| DRINKING 2 murky clear potions.
  2469 | D:3      | 2469 ||| DRINKING 2 white potions.
  2578 | D:3      | 2578 ||| READING 4 scrolls of identify.
  2578 | D:3      | 2578 ||| IDENTIFYING fizzy black potion
  2579 | D:3      | 2579 ||| READING 3 scrolls of identify.
  2579 | D:3      | 2579 ||| IDENTIFYING emerald potion
  2580 | D:3      | 2580 ||| READING 2 scrolls of identify.
  2580 | D:3      | 2580 ||| IDENTIFYING golden potion
  2581 | D:3      | 2581 ||| DROPPING potion of invisibility.
  2582 | D:3      | 2582 ||| DROPPING potion of attraction.
  2583 | D:3      | 2583 ||| DROPPING potion of degeneration.
  2584 | D:3      | 2584 ||| DROPPING potion of berserk rage.
  2585 | D:3      | 2585 ||| DROPPING scroll of poison.
  2695 | D:4      | Found a shimmering blue altar of Sif Muna.
  2900 | D:4      | Found Ighajatt's Self-Published Books.
  2957 | D:4      | Reached skill level 6 in Ranged Weapons
  2995 | D:4      | Found a staircase to the Ecumenical Temple.
  2996 | D:4      | 2996 ||| PLANNING TEMPLE
  2996 | D:4      | 2996 ||| UPGRADING to ring of protection from fire.
  2997 | D:4      | 2997 ||| DRINKING 2 ruby potions.
  3032 | D:4      | 3032 ||| DROPPING potion of lignification.
  3068 | Temple   | Entered the Ecumenical Temple
  3068 | Temple   | Noticed a blizzard demon
  3068 | Temple   | Noticed a soul eater
  3068 | Temple   | Noticed a hellwing
  3068 | Temple   | Noticed a sixfirhy
  3069 | Temple   | 3069 ||| PLANNING OKAWARU WORSHIP
  3069 | Temple   | Noticed Buhoematipp the pandemonium lord
  3069 | Temple   | Noticed an orange demon
  3069 | Temple   | Noticed Quotwimn the pandemonium lord
  3069 | Temple   | Noticed a smoke demon
  3070 | Temple   | Noticed a shadow demon
  3087 | Temple   | Became a worshipper of Warmaster Okawaru
  3088 | Temple   | 3088 ||| PLANNING D:1-11
  3106 | Temple   | Noticed Bamoar the pandemonium lord
  3183 | D:4      | Found Ozomn's Magic Scroll Emporium.
  3189 | D:4      | 3189 ||| SHOPLISTING scroll of enchant armour (82 gold,
                  | have 56).
  3189 | D:4      | 3189 ||| BUYING scroll of teleportation (33 gold).
  3189 | D:4      | Bought a scroll of teleportation for 33 gold pieces
  3189 | D:4      | 3189 ||| SHOPLISTING scroll of teleportation (33 gold, have
                  | 23).
  3237 | D:4      | Reached XP level 7. HP: 41/42 MP: 7/7
  3464 | D:4      | Found a sparkling altar of Nemelex Xobeh.
  3601 | D:4      | 3601 ||| READING scroll labelled UTOTUGGA CIMPU.
  3643 | D:5      | Entered Level 5 of the Dungeon
  3648 | D:5      | 3648 ||| PLANNING D:1-11
  3648 | D:5      | 3648 ||| FLEEEEING.
  3649 | D:5      | 3649 ||| FLEEEEING.
  3650 | D:5      | 3650 ||| FLEEEEING.
  3651 | D:5      | 3651 ||| STAIRDANCE
  3659 | D:5      | 3659 ||| STAIRDANCE
  3977 | D:5      | Reached skill level 7 in Ranged Weapons
  4123 | D:5      | 4123 ||| SWAPPING to +0 orcbow.
  4132 | D:5      | Reached * piety under Okawaru
  4146 | D:5      | 4146 ||| DROPPING +1 heavy shortbow.
  4456 | D:5      | 4456 ||| Stepping ~*~*~tactically~*~*~ (outnumbered).
  4458 | D:5      | 4458 ||| Stepping ~*~*~tactically~*~*~ (outnumbered).
  4459 | D:5      | 4459 ||| INVOKING Heroism.
  4464 | D:5      | HP: 10/43 [orc priest/nerve-wracking pain (5)]
  4465 | D:5      | 4465 ||| READING 3 scrolls of teleportation.
  4465 | D:5      | Killed from afar by an orc priest

Levels and vault maps discovered:
D:1:      dpeg_arrival_prison, layout_basic
D:2:      layout_rooms, dreamdust_ecumenical_altar_angels_and_demons,
          uniq_terence
D:3:      layout_basic, serial_shops, nicolae_shop_behind_doors, uniq_grinder,
          uniq_crazy_yiuf_cottage
D:4:      layout_loops_ring, lemuel_doored_altar, nemelex_spade_bored_becter,
          minmay_temple_entry_ruins, serial_rivers,
          chequers_serial_rivers_small_a, chequers_serial_rivers_micro_c,
          chequers_serial_rivers_small_b, chequers_serial_rivers_small_3,
          chequers_serial_rivers_small_b, serial_shops, shop,
          nicolae_custom_books, kennysheep_crisscross,
          wad_floor_pattern_untrapped
D:5:      layout_layer_cave, uniq_menkaure
Temple:   nicolae_temple_panitentiary

Skill      XL: |  1  2  3  4  5  6  7 |
---------------+----------------------+-----
Ranged Weapons | 5 6 7 |  7.6
Fighting       | 3 4 |  4.0
Armour         | 4 |  4.6
Dodging        | |  1.5
Stealth        | |  1.1

Action                     |  1- 3 |  4- 6 |  7- 9 || total
---------------------------+-------+-------+-------++-------
   Fire: Shortbow          |    74 |   167 |    33 ||   274
         Orcbow            |       |       |    14 ||    14
 Invoke: Heroism           |       |       |     1 ||     1
    Use: Scroll            |     3 |    10 |     2 ||    15
         Potion            |       |     3 |       ||     3
 Armour: Leather armour    |     5 |       |       ||     5
         Ring mail         |       |    84 |    20 ||   104
  Dodge: Dodged            |    14 |    94 |    27 ||   135

Table legend:
 A = Non-vault XP
 B = Vault XP
 C = Vault XP percentage of total XP
 D = Non-vault monster count
 E = Vault monster count
 F = Vault count percentage of total count
                 A         B        C        D         E       F
            +---------+---------+-------+---------+---------+-------
      Total |     800 |     293 |  26.8 |      92 |       4 |   4.2
            +---------+---------+-------+---------+---------+-------
        D:1 |      45 |       3 |   6.2 |      25 |       2 |   7.4
        D:2 |      21 |      36 |  63.2 |      10 |       1 |   9.1
        D:3 |     161 |     254 |  61.2 |      30 |       1 |   3.2
        D:4 |     169 |       0 |   0.0 |      21 |       0 |   0.0
        D:5 |     404 |       0 |   0.0 |       6 |       0 |   0.0
            +---------+---------+-------+---------+---------+-------
